 Dungeon Crawl Stone Soup version 0.25.0-9-g26727b657a (webtiles) character file.

Game seed: 18422142820093640350

75 sanka the Slasher (level 4, 0/28 HPs)
             Began as a Deep Elf Chaos Knight on June 18, 2020.
             Was a Plaything of Xom.
             Slain by Sigmund
             ... wielding a +4 scythe of venom
              (8 damage)
             ... on level 3 of the Dungeon.
             The game lasted 00:05:16 (2443 turns).

sanka the Slasher (Deep Elf Chaos Knight)           Turns: 2443, Time: 00:05:17

Health: 0/28       AC:  5    Str:  9    XL:     4   Next: 11%
Magic:  6/6        EV: 13    Int: 17    God:    Xom [....*.]
Gold:   131        SH:  0    Dex: 15    Spells: 3/3 levels left

rFire    + . .     SeeInvis .   a - +0 falchion (chaos)
rCold    . . .     Gourm    .   (no shield)
rNeg     . . .     Faith    .   b - +2 leather armour
rPois    .         Spirit   .   (no helmet)
rElec    .         Reflect  .   (no cloak)
rCorr    .         Harm     .   (no gloves)
MR       .....                  (no boots)
Stlth    +.........             (no amulet)
HPRegen  0.09/turn              n - ring of protection from fire
MPRegen  0.10/turn              (no ring)

@: lethally poisoned (0 -> -34)
A: no striking features
a: Renounce Religion


You were on level 3 of the Dungeon.
You worshipped Xom.
You were a beloved toy of Xom.
You were not hungry.

You visited 1 branch of the dungeon, and saw 3 of its levels.

You collected 131 gold pieces.

Inventory:

Hand Weapons
 a - a +0 falchion of chaos (weapon)
Missiles
 k - 17 arrows
 o - 48 stones (quivered)
 p - 3 atropa-tipped darts
 u - 8 curare-tipped darts
 z - 8 javelins
Armour
 b - a +2 leather armour (worn)
 h - a +1 leather armour of magic resistance
Jewellery
 n - a ring of protection from fire (left hand)
 s - an uncursed ring of wizardry {unknown}
Scrolls
 d - a scroll of magic mapping {unknown}
 e - 2 scrolls of teleportation {unknown}
 f - 5 scrolls of identify {unknown}
 g - 2 scrolls of fear {unknown}
 q - a scroll of noise {unknown}
 r - 2 scrolls of enchant weapon {unknown}
 x - a scroll of remove curse {unknown}
 y - a scroll of enchant armour {unknown}
Potions
 i - a potion of heal wounds {unknown}
 j - a potion of haste {unknown}
 l - a potion of magic {unknown}
 t - a potion of mutation {unknown}
 v - a potion of stabbing {unknown}
 w - a potion of degeneration {unknown}
Comestibles
 c - 5 rations
 m - 4 chunks of flesh


   Skills:
 - Level 3.0 Fighting
 + Level 3.8 Long Blades
 - Level 0.7 Armour
 + Level 3.1 Dodging


You had 3 spell levels left.
You didn't know any spells.
Your spell library was empty.

Dungeon Overview and Level Annotations

Branches:
Dungeon (3/15)

Altars:
Gozag
Nemelex Xobeh
Xom

Annotations:
D:3 Sigmund


Message History

You see here 8 javelins.
z - 8 javelins No target in view!
No target in view!
No target in view!
A goblin and Sigmund come into view.
Sigmund is wielding a +4 scythe of venom.
Sigmund shouts!
The goblin shouts!
You hear an angry hiss.
Sigmund hits you from afar with a +4 scythe of venom.
You are poisoned.
You feel sick.
Sigmund hits you with a +4 scythe of venom!
Ouch! That really hurt!
You are lethally poisoned!
You hit Sigmund. You burn Sigmund.
Sigmund is lightly wounded.
* * * LOW HITPOINT WARNING * * *
You feel very sick.
Sigmund hits you with a +4 scythe of venom!
You die...
Xom guffaws!

######......÷......#
......
...<###.######.....####
#..... ###.#
#................ # #.#
#..#####.....### # #.#
#..# #......###.# #.#
#..# #.##...g.... #.#
#..# #.##g#####.#
#.###..## #.##.#
#.#.....# #.##@#
#.#.##..###.##@#
#.#.#....##.##.#
#........##.##.#
###....÷.# #.# ####.#.#
#.# ###.# #.# .# #.# ..


You could see Sigmund and a goblin.

Vanquished Creatures
  A gnoll (D:3)
  2 adders
  A dart slug (D:1)
  An orc (D:3)
  9 bats
  A giant cockroach (D:3)
  3 goblins
  8 hobgoblins
  2 kobolds
  5 quokkas
  A frilled lizard (D:1)
  6 rats
40 creatures vanquished.

Notes
Turn   | Place    | Note
-------+----------+-------------------------------------------
     0 | D:1      | sanka the Deep Elf Chaos Knight began the quest for the
                  | Orb.
     0 | D:1      | Reached XP level 1. HP: 13/13 MP: 3/3
   584 | D:1      | Reached XP level 2. HP: 18/18 MP: 4/4
  1358 | D:2      | Reached XP level 3. HP: 23/23 MP: 5/5
  1371 | D:2      | Found a sparkling altar of Nemelex Xobeh.
  1371 | D:2      | Found an opulent altar of Gozag.
  1543 | D:2      | XOM: silly message
  1573 | D:2      | XOM: silly message
  1591 | D:2      | Found a faded altar of an unknown god.
  1830 | D:3      | XOM: silly message
  1907 | D:3      | XOM: divination: detect creatures
  1960 | D:2      | XOM: noise
  2128 | D:2      | XOM: silly message
  2158 | D:2      | XOM: scenery: create altars
  2332 | D:3      | Reached XP level 4. HP: 28/28 MP: 6/6
  2438 | D:3      | Noticed Sigmund
  2443 | D:3      | Slain by Sigmund

Illustrated notes

Levels and vault maps discovered:
D:1:      scummos_arrival_gate, layout_loops_cross
D:2:      layout_rooms, grunt_temple_overflow_opulence,
          chequers_ecumenical_altar_grove, corexii_leaking_fountain
D:3:      layout_loops_ring, first_ration, minmay_pentangle, uniq_sigmund

Skill      XL: |  1  2  3 |
---------------+----------+-----
Long Blades    | 3 |  3.8
Fighting       | 3 |  3.0
Dodging        | 3 |  3.1
Armour         | |  0.7

Action                   |  1- 3 |  4- 6 || total
-------------------------+-------+-------++-------
Melee: Falchion          |   113 |    16 ||   129
 Stab: Sleeping          |     1 |       ||     1
       Paralysed         |     2 |       ||     2
  Eat: Chunk             |     5 |       ||     5
Armor: Leather armour    |    38 |     6 ||    44
Dodge: Dodged            |    95 |     5 ||   100
       Rpst.: Falchion   |    30 |     1 ||    31
